[ AOE2 MATCH · #481002176 ]
UnrankedHindustanis vs Britons
[ REPLAY ANALYSIS · EXTRACTED FROM THE RECORDED GAME ]
Feudal
11:05
Castle
15:34
Imperial
29:29
| APM avg | 29.8 |
| APM peak | 59 |
| eAPM avg | 18.2 |
| Villagers / military | 144 / 194 |
Focus
⚔️ 21.7% · 🌾 78.3%
Ghulam ×86 · Skirmisher ×77 · Hand Cannoneer ×20 · Trebuchet (Packed) ×6 · Bombard Cannon ×5
Feudal
10:06
Castle
14:26
Imperial
26:46
| APM avg | 35.1 |
| APM peak | 80 |
| eAPM avg | 26.1 |
| Villagers / military | 112 / 165 |
Focus
⚔️ 33.9% · 🌾 66.1%
Militia ×74 · Spearman ×46 · Longbowman ×38 · Trebuchet (Packed) ×7
Feudal
10:09
Castle
19:16
Imperial
27:26
| APM avg | 23.1 |
| APM peak | 59 |
| eAPM avg | 15.1 |
| Villagers / military | 75 / 30 |
Focus
⚔️ 34.7% · 🌾 65.3%
Unknown (1949) ×52 · Spearman ×30 · Unknown (1942) ×27
Feudal
11:00
Castle
14:30
Imperial
30:20
| APM avg | 30.4 |
| APM peak | 65 |
| eAPM avg | 18.3 |
| Villagers / military | 145 / 171 |
Focus
⚔️ 20.6% · 🌾 79.4%
Spearman ×98 · Hand Cannoneer ×50 · Bombard Cannon ×16 · Trebuchet (Packed) ×5 · Trade Cart ×4 · Monk ×2
Match map
Initial resources + every placement click. Lines = walls · curves = elevation contours. ◆ gold · ⬟ stone · ● berries · ✦ relic · ◌ wall gap
Your base· ✓ Closed at 15:34 · 0t walls · 2 gate(s)
crewza523's base· ✓ Closed at 14:26 · 0t walls · 2 gate(s)
Miguel Zamarripa's base· ✓ Closed at 19:16 · 5t walls · 4 gate(s)
Redbeard's base· ✓ Closed at 14:30 · 0t walls · 2 gate(s)
Smoothed initial terrain · ◌ = detected wall gap · hover for details
Inputs per minute
— slbballman - - crewza523
Build order — slbballman
First 150 of 370 actions detected
| 0:01 | Create | Villager (Male) |
| 0:05 | Build | House |
| 0:09 | Build | House |
| 0:22 | Create | Villager (Male) |
| 0:23 | Create | Villager (Male) |
| 0:23 | Create | Villager (Male) |
| 0:23 | Create | Villager (Male) |
| 1:37 | Create | Villager (Male) |
| 2:09 | Create | Villager (Male) |
| 2:09 | Create | Villager (Male) |
| 2:26 | Build | House |
| 2:27 | Build | House |
| 2:37 | Create | Villager (Male) |
| 2:38 | Create | Villager (Male) |
| 2:38 | Create | Villager (Male) |
| 2:44 | Build | House |
| 3:27 | Create | Villager (Male) |
| 3:27 | Create | Villager (Male) |
| 3:27 | Create | Villager (Male) |
| 4:27 | Create | Villager (Male) |
| 4:31 | Create | Villager (Male) |
| 4:31 | Create | Villager (Male) |
| 5:07 | Build | Lumber Camp |
| 5:18 | Create | Villager (Male) |
| 5:50 | Create | Villager (Male) |
| 6:39 | Create | Villager (Male) |
| 6:54 | Create | Villager (Male) |
| 7:10 | Create | Villager (Male) |
| 7:22 | Build | Mill |
| 7:40 | Build | Mill |
| 7:42 | Create | Villager (Male) |
| 8:26 | Create | Villager (Male) |
| 8:55 | Research | Feudal Age |
| 9:00 | Build | Mining Camp |
| 10:49 | Build | Farm |
| 10:50 | Build | Farm |
| 10:51 | Build | Farm |
| 10:52 | Build | Farm |
| 10:54 | Build | Farm |
| 11:05 | Age | Feudal Age |
| 11:08 | Build | Blacksmith |
| 11:11 | Build | Market |
| 11:12 | Create | Villager (Male) |
| 11:17 | Create | Villager (Male) |
| 11:18 | Create | Villager (Male) |
| 11:18 | Create | Villager (Male) |
| 12:54 | Research | Castle Age |
| 13:28 | Research | Double-Bit Axe |
| 13:39 | Research | Horse Collar |
| 13:49 | Research | Double-Bit Axe |
| 13:54 | Build | Farm |
| 13:56 | Build | Farm |
| 13:57 | Build | Farm |
| 14:01 | Build | Farm |
| 14:02 | Build | Farm |
| 14:04 | Build | Farm |
| 14:05 | Build | Farm |
| 14:08 | Build | Farm |
| 14:21 | Build | House |
| 14:22 | Build | House |
| 14:23 | Build | House |
| 14:27 | Create | Villager (Male) ×4 |
| 14:59 | Build | Mining Camp |
| 15:34 | Age | Castle Age |
| 15:42 | Build | Town Center |
| 16:06 | Create | Villager (Male) |
| 16:42 | Create | Villager (Male) |
| 16:44 | Create | Villager (Male) |
| 16:44 | Create | Villager (Male) |
| 16:44 | Create | Villager (Male) |
| 16:59 | Build | Town Center |
| 17:14 | Build | Farm |
| 17:38 | Build | Farm |
| 17:52 | Build | Farm |
| 17:54 | Build | Farm |
| 17:56 | Create | Villager (Male) |
| 18:00 | Create | Villager (Male) |
| 18:01 | Create | Villager (Male) |
| 18:08 | Build | Farm |
| 18:20 | Create | Villager (Male) |
| 18:21 | Create | Villager (Male) |
| 18:22 | Create | Villager (Male) |
| 18:23 | Create | Villager (Male) |
| 18:23 | Create | Villager (Male) |
| 18:24 | Create | Villager (Male) |
| 18:31 | Build | Farm |
| 18:34 | Build | Farm |
| 18:35 | Build | Farm |
| 18:38 | Create | Villager (Male) |
| 18:40 | Create | Villager (Male) |
| 18:48 | Build | Farm |
| 18:49 | Build | Farm |
| 18:51 | Build | Farm |
| 18:54 | Create | Villager (Male) |
| 18:55 | Create | Villager (Male) |
| 18:57 | Create | Villager (Male) |
| 19:12 | Create | Villager (Male) |
| 19:13 | Create | Villager (Male) |
| 19:14 | Create | Villager (Male) |
| 19:24 | Build | Farm |
| 19:25 | Build | Farm |
| 19:26 | Build | Farm |
| 19:29 | Build | Farm |
| 19:41 | Create | Villager (Male) |
| 19:44 | Create | Villager (Male) |
| 19:55 | Research | Stone Mining |
| 20:01 | Research | Heavy Plow |
| 20:11 | Build | House |
| 20:12 | Build | House |
| 20:13 | Build | House |
| 20:27 | Build | House |
| 20:36 | Create | Villager (Male) |
| 20:39 | Research | Wheelbarrow |
| 20:40 | Research | Loom |
| 20:42 | Create | Villager (Male) |
| 20:42 | Create | Villager (Male) |
| 20:45 | Create | Villager (Male) |
| 20:46 | Create | Villager (Male) |
| 21:00 | Create | Villager (Male) |
| 21:05 | Build | House |
| 21:07 | Build | House |
| 21:12 | Build | Farm |
| 21:14 | Build | Farm |
| 21:15 | Build | Farm |
| 21:17 | Build | Farm |
| 21:18 | Build | Farm |
| 21:18 | Build | Farm |
| 21:19 | Build | Farm |
| 21:19 | Build | Farm |
| 21:19 | Build | Farm |
| 21:19 | Build | Farm |
| 21:20 | Build | Farm |
| 21:20 | Build | Farm |
| 21:22 | Create | Villager (Male) |
| 21:22 | Create | Villager (Male) |
| 21:26 | Create | Villager (Male) |
| 21:31 | Create | Villager (Male) |
| 21:32 | Create | Villager (Male) |
| 21:34 | Create | Villager (Male) |
| 21:51 | Research | Bow Saw |
| 22:04 | Build | House |
| 22:14 | Build | House |
| 22:18 | Build | House |
| 22:23 | Create | Villager (Male) |
| 22:24 | Create | Villager (Male) |
| 22:25 | Create | Villager (Male) |
| 22:26 | Create | Villager (Male) |
| 22:26 | Create | Villager (Male) |
| 22:30 | Build | Farm |
| 22:40 | Build | Farm |
Build order — crewza523
First 150 of 440 actions detected
| 0:01 | Create | Villager (Male) |
| 0:02 | Create | Villager (Male) |
| 0:03 | Build | House |
| 0:05 | Build | House |
| 0:06 | Create | Villager (Male) |
| 0:15 | Create | Villager (Male) |
| 1:17 | Create | Villager (Male) |
| 1:46 | Build | Lumber Camp |
| 1:47 | Create | Villager (Male) |
| 1:59 | Create | Villager (Male) |
| 2:25 | Create | Villager (Male) |
| 2:38 | Create | Villager (Male) |
| 3:00 | Build | House |
| 3:01 | Build | House |
| 3:05 | Create | Villager (Male) |
| 3:25 | Create | Villager (Male) |
| 3:41 | Create | Villager (Male) |
| 3:57 | Create | Villager (Male) |
| 4:31 | Build | Mill |
| 4:35 | Create | Villager (Male) |
| 5:36 | Create | Villager (Male) |
| 6:05 | Create | Villager (Male) |
| 6:22 | Create | Villager (Male) |
| 6:57 | Create | Villager (Male) |
| 7:28 | Create | Villager (Male) |
| 7:40 | Research | Feudal Age |
| 9:00 | Build | Mining Camp |
| 9:09 | Build | Mining Camp |
| 9:16 | Build | Mining Camp |
| 9:53 | Create | Villager (Male) |
| 10:04 | Build | House |
| 10:06 | Age | Feudal Age |
| 10:12 | Build | Blacksmith |
| 10:27 | Create | Villager (Male) |
| 10:44 | Build | Market |
| 10:52 | Create | Villager (Male) |
| 10:58 | Build | Farm |
| 11:15 | Create | Villager (Male) |
| 11:39 | Research | Castle Age |
| 11:49 | Research | Double-Bit Axe |
| 12:01 | Build | Farm |
| 12:07 | Build | Farm |
| 12:28 | Build | Farm |
| 12:34 | Research | Horse Collar |
| 13:06 | Build | Mining Camp |
| 13:30 | Build | Lumber Camp |
| 13:50 | Build | Farm |
| 13:59 | Create | Villager (Male) |
| 14:01 | Build | Farm |
| 14:07 | Build | Farm |
| 14:19 | Build | House |
| 14:21 | Build | House |
| 14:26 | Age | Castle Age |
| 14:34 | Build | Town Center |
| 14:38 | Create | Villager (Male) |
| 14:51 | Research | Bow Saw |
| 14:53 | Create | Villager (Male) |
| 15:13 | Research | Stone Mining |
| 15:13 | Research | Stone Mining |
| 15:27 | Build | Farm |
| 15:37 | Create | Villager (Male) |
| 15:43 | Build | Farm |
| 16:01 | Create | Villager (Male) |
| 16:10 | Build | Farm |
| 16:17 | Create | Villager (Male) |
| 16:25 | Build | Farm |
| 16:34 | Build | Farm |
| 16:39 | Create | Villager (Male) |
| 16:40 | Create | Villager (Male) |
| 16:43 | Build | Farm |
| 16:45 | Build | Farm |
| 16:49 | Create | Villager (Male) |
| 16:56 | Create | Villager (Male) |
| 16:56 | Create | Villager (Male) |
| 17:01 | Build | Farm |
| 17:18 | Create | Villager (Male) |
| 17:18 | Create | Villager (Male) |
| 17:23 | Create | Villager (Male) |
| 17:27 | Build | Farm |
| 17:30 | Build | Farm |
| 17:39 | Build | House |
| 17:40 | Build | House |
| 17:43 | Create | Villager (Male) |
| 17:48 | Create | Villager (Male) |
| 17:52 | Build | Farm |
| 17:56 | Create | Villager (Male) |
| 17:57 | Create | Villager (Male) |
| 18:03 | Build | Farm |
| 18:08 | Create | Villager (Male) |
| 18:17 | Build | Farm |
| 18:22 | Create | Villager (Male) |
| 18:24 | Build | Farm |
| 18:30 | Create | Villager (Male) |
| 18:39 | Build | Farm |
| 18:43 | Create | Villager (Male) |
| 18:46 | Create | Villager (Male) |
| 19:06 | Build | Farm |
| 19:11 | Create | Villager (Male) |
| 19:18 | Build | House |
| 19:18 | Build | House |
| 19:23 | Create | Villager (Male) |
| 19:23 | Create | Villager (Male) |
| 19:31 | Build | Farm |
| 19:37 | Research | Wheelbarrow |
| 19:45 | Research | Wheelbarrow |
| 19:54 | Build | Farm |
| 19:59 | Create | Villager (Male) |
| 20:08 | Build | Farm |
| 20:16 | Create | Villager (Male) |
| 20:16 | Create | Villager (Male) |
| 20:47 | Build | Town Center |
| 20:49 | Create | Villager (Male) |
| 21:01 | Build | Farm |
| 21:09 | Build | Farm |
| 21:11 | Create | Villager (Male) |
| 21:18 | Create | Villager (Male) |
| 21:29 | Create | Villager (Male) |
| 21:43 | Create | Villager (Male) |
| 21:54 | Build | Castle |
| 21:56 | Create | Villager (Male) |
| 21:57 | Create | Villager (Male) |
| 21:57 | Create | Villager (Male) |
| 22:10 | Create | Villager (Male) |
| 22:31 | Create | Villager (Male) |
| 22:33 | Create | Villager (Male) |
| 22:34 | Create | Villager (Male) |
| 22:37 | Create | Villager (Male) |
| 22:39 | Create | Villager (Male) |
| 23:01 | Create | Villager (Male) |
| 23:01 | Create | Villager (Male) |
| 23:23 | Research | Imperial Age |
| 23:36 | Create | Longbowman |
| 23:36 | Create | Longbowman |
| 23:40 | Build | Barracks |
| 23:46 | Create | Villager (Male) |
| 23:48 | Create | Villager (Male) |
| 23:57 | Build | Mining Camp |
| 24:02 | Research | Loom |
| 24:02 | Research | Loom |
| 24:02 | Create | Villager (Male) |
| 24:03 | Create | Villager (Male) |
| 24:07 | Create | Longbowman |
| 24:08 | Create | Longbowman |
| 24:09 | Research | Fletching |
| 24:09 | Research | Fletching |
| 24:19 | Build | University |
| 24:22 | Build | House |
| 24:23 | Build | House |
| 24:24 | Build | House |
| 24:25 | Build | House |
Build order — Miguel Zamarripa
First 150 of 291 actions detected
| 0:02 | Create | Villager (Male) |
| 0:02 | Create | Villager (Male) |
| 0:02 | Create | Villager (Male) |
| 0:02 | Create | Villager (Male) |
| 0:04 | Build | House |
| 0:06 | Build | House |
| 1:48 | Create | Villager (Male) |
| 1:48 | Create | Villager (Male) |
| 1:49 | Create | Villager (Male) |
| 2:08 | Create | Villager (Male) |
| 2:31 | Build | Lumber Camp |
| 3:24 | Create | Villager (Male) |
| 3:25 | Create | Villager (Male) |
| 3:52 | Create | Villager (Male) |
| 4:00 | Build | House |
| 4:10 | Create | Villager (Male) |
| 4:31 | Build | Palisade Gate |
| 4:34 | Build | Palisade Gate |
| 4:39 | Create | Villager (Male) |
| 4:54 | Build | Palisade Wall |
| 5:01 | Build | Palisade Wall |
| 5:05 | Build | Palisade Wall |
| 5:07 | Build | Palisade Wall |
| 5:14 | Build | Palisade Wall |
| 5:21 | Create | Villager (Male) |
| 5:21 | Create | Villager (Male) |
| 5:36 | Build | Mill |
| 5:48 | Create | Villager (Male) |
| 5:57 | Create | Villager (Male) |
| 6:27 | Create | Villager (Male) |
| 6:35 | Build | House |
| 7:01 | Create | Villager (Male) |
| 7:16 | Create | Villager (Male) |
| 7:39 | Build | Mining Camp |
| 7:57 | Research | Feudal Age |
| 7:58 | Research | Feudal Age |
| 7:59 | Research | Loom |
| 8:59 | Build | House |
| 9:53 | Create | Villager (Male) |
| 9:54 | Create | Villager (Male) |
| 10:09 | Age | Feudal Age |
| 10:12 | Create | Villager (Male) |
| 10:14 | Research | Double-Bit Axe |
| 10:17 | Research | Horse Collar |
| 10:26 | Build | Market |
| 10:53 | Research | Gold Mining |
| 11:10 | Build | Lumber Camp |
| 11:27 | Create | Villager (Male) |
| 11:42 | Build | Farm |
| 11:53 | Build | Farm |
| 11:59 | Build | House |
| 12:08 | Create | Villager (Male) |
| 12:11 | Build | Farm |
| 12:21 | Build | Farm |
| 12:44 | Create | Villager (Male) |
| 12:44 | Create | Villager (Male) |
| 12:56 | Build | Mining Camp |
| 13:09 | Build | Farm |
| 13:57 | Build | Farm |
| 14:01 | Build | Farm |
| 14:10 | Build | Farm |
| 14:21 | Research | Wheelbarrow |
| 14:32 | Build | Farm |
| 14:39 | Build | Farm |
| 14:42 | Build | Farm |
| 14:46 | Build | Farm |
| 15:23 | Build | House |
| 16:01 | Build | Blacksmith |
| 16:05 | Create | Villager (Male) |
| 16:09 | Build | Farm |
| 16:17 | Build | Farm |
| 16:36 | Research | Castle Age |
| 18:23 | Build | House |
| 19:16 | Age | Castle Age |
| 19:18 | Build | Town Center |
| 19:33 | Build | Castle |
| 19:39 | Create | Villager (Male) |
| 19:40 | Create | Villager (Male) |
| 19:40 | Create | Villager (Male) |
| 19:40 | Create | Villager (Male) |
| 19:46 | Research | Bow Saw |
| 19:48 | Research | Heavy Plow |
| 19:52 | Create | Villager (Male) |
| 20:29 | Create | Villager (Male) |
| 20:37 | Research | Gold Shaft Mining |
| 20:39 | Research | Stone Mining |
| 20:58 | Create | Villager (Male) |
| 20:58 | Create | Villager (Male) |
| 20:58 | Create | Villager (Male) |
| 21:03 | Build | Farm |
| 21:03 | Build | Farm |
| 21:03 | Build | Farm |
| 21:11 | Build | Town Center |
| 21:19 | Research | Hand Cart |
| 21:26 | Build | Farm |
| 21:45 | Create | Villager (Male) |
| 21:51 | Create | Villager (Male) |
| 21:51 | Create | Villager (Male) |
| 22:22 | Create | Unit 1949 |
| 22:22 | Create | Unit 1949 |
| 22:35 | Build | Farm |
| 22:41 | Build | Farm |
| 22:42 | Create | Villager (Male) |
| 22:44 | Create | Villager (Male) |
| 22:44 | Create | Villager (Male) |
| 22:46 | Build | Farm |
| 22:46 | Build | Farm |
| 22:47 | Build | Farm |
| 22:50 | Create | Villager (Male) |
| 22:52 | Build | Farm |
| 22:53 | Build | Farm |
| 23:12 | Create | Villager (Male) |
| 23:15 | Create | Villager (Male) |
| 23:17 | Build | Farm |
| 23:18 | Create | Villager (Male) |
| 23:18 | Create | Villager (Male) |
| 23:23 | Research | Stone Shaft Mining |
| 24:09 | Build | Farm |
| 24:16 | Research | Imperial Age |
| 24:16 | Research | Imperial Age |
| 24:25 | Build | Siege Workshop |
| 24:26 | Create | Unit 1949 |
| 24:26 | Create | Unit 1949 |
| 24:47 | Create | Villager (Male) |
| 24:47 | Create | Villager (Male) |
| 24:50 | Create | Villager (Male) |
| 24:51 | Create | Villager (Male) |
| 25:00 | Build | Siege Workshop |
| 25:03 | Create | Unit 1949 |
| 25:03 | Create | Unit 1949 |
| 25:03 | Create | Unit 1949 |
| 25:52 | Create | Villager (Male) |
| 25:52 | Create | Villager (Male) |
| 26:13 | Build | Siege Workshop |
| 26:25 | Create | Villager (Male) |
| 26:25 | Create | Villager (Male) |
| 26:27 | Create | Villager (Male) |
| 26:28 | Create | Villager (Male) |
| 26:30 | Create | Villager (Male) |
| 26:30 | Create | Villager (Male) |
| 26:35 | Create | Unit 1949 |
| 26:35 | Create | Unit 1949 |
| 26:36 | Create | Unit 1949 |
| 26:36 | Create | Unit 1949 |
| 26:39 | Research | Scale Barding Armor |
| 26:39 | Research | Forging |
| 27:06 | Build | Castle |
| 27:10 | Create | Unit 1949 |
| 27:26 | Age | Imperial Age |
| 27:28 | Create | Unit 1942 |
Build order — Redbeard
First 150 of 344 actions detected
| 0:00 | Create | Villager (Male) |
| 0:01 | Create | Villager (Male) |
| 0:01 | Create | Villager (Male) |
| 0:03 | Build | House |
| 0:05 | Build | House |
| 0:36 | Create | Villager (Male) |
| 0:36 | Create | Villager (Male) |
| 1:25 | Create | Villager (Male) |
| 1:55 | Create | Villager (Male) |
| 1:55 | Create | Villager (Male) |
| 2:01 | Build | Lumber Camp |
| 2:19 | Create | Villager (Male) |
| 3:00 | Create | Villager (Male) |
| 3:00 | Create | Villager (Male) |
| 3:18 | Create | Villager (Male) |
| 3:18 | Create | Villager (Male) |
| 3:31 | Build | House |
| 3:45 | Create | Villager (Male) |
| 3:45 | Create | Villager (Male) |
| 4:04 | Build | Mill |
| 4:11 | Create | Villager (Male) |
| 4:11 | Create | Villager (Male) |
| 4:31 | Create | Villager (Male) |
| 4:32 | Create | Villager (Male) |
| 5:25 | Create | Villager (Male) |
| 5:25 | Create | Villager (Male) |
| 5:38 | Build | House |
| 6:06 | Create | Villager (Male) |
| 6:07 | Create | Villager (Male) |
| 6:17 | Build | Mill |
| 6:53 | Create | Villager (Male) |
| 6:53 | Create | Villager (Male) |
| 7:26 | Create | Villager (Male) |
| 7:54 | Build | Farm |
| 7:59 | Create | Villager (Male) |
| 8:29 | Research | Feudal Age |
| 8:34 | Build | Mining Camp |
| 8:48 | Build | House |
| 9:05 | Create | Villager (Male) |
| 9:05 | Create | Villager (Male) |
| 11:00 | Age | Feudal Age |
| 11:02 | Build | Market |
| 11:08 | Build | Blacksmith |
| 11:30 | Build | Mining Camp |
| 11:50 | Research | Castle Age |
| 12:43 | Research | Horse Collar |
| 12:46 | Research | Double-Bit Axe |
| 12:57 | Build | House |
| 13:03 | Build | House |
| 13:04 | Build | House |
| 13:39 | Create | Villager (Male) |
| 13:39 | Create | Villager (Male) |
| 13:47 | Create | Villager (Male) |
| 13:47 | Create | Villager (Male) |
| 14:30 | Age | Castle Age |
| 14:33 | Build | Town Center |
| 14:46 | Build | Farm |
| 14:46 | Build | Farm |
| 14:46 | Build | Farm |
| 14:55 | Create | Villager (Male) |
| 14:56 | Create | Villager (Male) |
| 15:50 | Build | Castle |
| 15:56 | Research | Loom |
| 15:57 | Create | Villager (Male) |
| 15:57 | Create | Villager (Male) |
| 16:08 | Build | Town Center |
| 16:21 | Build | Mining Camp |
| 16:26 | Create | Villager (Male) |
| 16:27 | Create | Villager (Male) |
| 16:34 | Build | Farm |
| 16:41 | Create | Villager (Male) |
| 16:41 | Create | Villager (Male) |
| 16:42 | Create | Villager (Male) |
| 17:00 | Create | Villager (Male) |
| 17:28 | Build | Farm |
| 17:28 | Build | Farm |
| 17:30 | Create | Villager (Male) |
| 17:30 | Create | Villager (Male) |
| 17:38 | Build | Farm |
| 17:50 | Create | Villager (Male) |
| 17:50 | Create | Villager (Male) |
| 17:50 | Create | Villager (Male) |
| 17:56 | Build | Farm |
| 17:56 | Build | Farm |
| 18:09 | Create | Villager (Male) |
| 18:09 | Create | Villager (Male) |
| 18:17 | Build | Farm |
| 18:18 | Build | Farm |
| 18:18 | Build | Farm |
| 18:24 | Build | Farm |
| 18:32 | Create | Villager (Male) |
| 18:32 | Create | Villager (Male) |
| 18:38 | Build | Farm |
| 18:42 | Create | Villager (Male) |
| 18:43 | Create | Villager (Male) |
| 18:46 | Create | Villager (Male) |
| 18:46 | Create | Villager (Male) |
| 18:46 | Create | Villager (Male) |
| 18:55 | Create | Villager (Male) |
| 18:55 | Create | Villager (Male) |
| 19:00 | Build | Farm |
| 19:13 | Build | Farm |
| 19:17 | Create | Villager (Male) |
| 19:27 | Research | Heavy Plow |
| 19:34 | Create | Villager (Male) |
| 19:34 | Create | Villager (Male) |
| 19:46 | Create | Villager (Male) |
| 19:47 | Create | Villager (Male) |
| 19:59 | Build | Monastery |
| 20:11 | Build | Farm |
| 20:11 | Build | Farm |
| 20:13 | Create | Villager (Male) |
| 20:13 | Create | Villager (Male) |
| 20:23 | Research | Bow Saw |
| 20:31 | Create | Villager (Male) |
| 20:31 | Create | Villager (Male) |
| 20:40 | Create | Monk |
| 20:45 | Research | Fervor |
| 20:48 | Create | Villager (Male) |
| 20:57 | Build | Farm |
| 20:57 | Build | Farm |
| 21:10 | Create | Villager (Male) |
| 21:10 | Create | Villager (Male) |
| 21:10 | Create | Villager (Male) |
| 21:20 | Build | Farm |
| 21:20 | Build | Farm |
| 21:20 | Build | Farm |
| 21:24 | Create | Villager (Male) |
| 21:28 | Create | Villager (Male) |
| 21:28 | Create | Villager (Male) |
| 21:31 | Create | Monk |
| 22:02 | Research | Wheelbarrow |
| 22:03 | Create | Villager (Male) |
| 22:03 | Create | Villager (Male) |
| 22:03 | Create | Villager (Male) |
| 22:12 | Build | Town Center |
| 22:15 | Create | Villager (Male) |
| 22:20 | Create | Villager (Male) |
| 22:20 | Create | Villager (Male) |
| 22:28 | Create | Villager (Male) |
| 22:28 | Create | Villager (Male) |
| 22:28 | Create | Villager (Male) |
| 22:29 | Create | Villager (Male) |
| 22:40 | Create | Villager (Male) |
| 22:40 | Create | Villager (Male) |
| 22:40 | Create | Villager (Male) |
| 22:53 | Build | Barracks |
| 23:26 | Create | Villager (Male) |
| 23:26 | Create | Villager (Male) |
| 23:26 | Create | Villager (Male) |
Match timeline
| 4:54 | Miguel Zamarripa · wall_segment Palisade Wall x1 |
| 5:01 | Miguel Zamarripa · wall_segment Palisade Wall x1 |
| 5:05 | Miguel Zamarripa · wall_segment Palisade Wall x1 |
| 5:07 | Miguel Zamarripa · wall_segment Palisade Wall x1 |
| 5:14 | Miguel Zamarripa · wall_segment Palisade Wall x1 |
| 10:06 | crewza523 · age_up feudal |
| 10:09 | Miguel Zamarripa · age_up feudal |
| 11:00 | Redbeard · age_up feudal |
| 11:05 | slbballman · age_up feudal |
| 11:37 | crewza523 · first_market_sell 100 wood |
| 14:26 | crewza523 · age_up castle |
| 14:30 | Redbeard · age_up castle |
| 15:18 | slbballman · first_market_sell 100 food |
| 15:19 | slbballman · first_market_buy 100 wood |
| 15:34 | slbballman · age_up castle |
| 15:50 | Redbeard · first_building Castle |
| 16:40 | Redbeard · first_market_buy 100 food |
| 19:16 | Miguel Zamarripa · age_up castle |
| 19:33 | Miguel Zamarripa · first_building Castle |
| 19:59 | Redbeard · first_building Monastery |
| 21:54 | crewza523 · first_building Castle |
| 22:53 | Redbeard · first_building Barracks |
| 23:39 | slbballman · first_building Castle |
| 23:40 | crewza523 · first_building Barracks |
| 24:01 | Miguel Zamarripa · first_market_buy 100 food |
| 24:07 | Redbeard · first_building Siege Workshop |
| 24:25 | Miguel Zamarripa · first_building Siege Workshop |
| 24:33 | slbballman · wall_segment Stone Wall x1 |
| 24:43 | slbballman · first_building Barracks |
| 25:36 | slbballman · first_building Stable |
| 26:14 | Redbeard · first_building Archery Range |
| 26:31 | Redbeard · first_market_sell 100 wood |
| 26:46 | slbballman · first_building Archery Range |
| 26:46 | crewza523 · age_up imperial |
| 27:26 | Miguel Zamarripa · age_up imperial |
| 29:29 | slbballman · age_up imperial |
| 30:10 | Miguel Zamarripa · first_market_sell 100 food |
| 30:20 | Redbeard · age_up imperial |
| 31:16 | Miguel Zamarripa · first_building Barracks |
| 36:46 | slbballman · first_building Siege Workshop |
| 36:56 | Miguel Zamarripa · first_building Archery Range |
| 40:08 | Miguel Zamarripa · resign |
[ AI ANALYSIS · 1 CREDIT ]
What really happened in this match?
Wolo.gg analyzes every decision: build order, eco, micro, common mistakes by bracket. Personalized analysis on WhatsApp or Discord in 30 seconds.
Civ guide
Hindustanis
Perfil
Jugador #12136167